 Dungeon Crawl Stone Soup version 0.29.1-2-gbd0b4ee654 (webtiles) character file.

Game seed: 7083015182643338810

380 funnyparkerb the Shooter (level 7, -2/50 HPs)
             Began as a Formicid Hunter on Nov 17, 2022.
             Slain by a hound (3 damage)
             ... on level 4 of the Dungeon.
             The game lasted 00:07:38 (4571 turns).

funnyparkerb the Shooter (Formicid Hunter)          Turns: 4571, Time: 00:07:39

Health: -2/50      AC:  3    Str: 15    XL:     7   Next: 4%
Magic:  7/7        EV: 12    Int:  9    God:
Gold:   174        SH:  0    Dex: 19    Spells: 6/6 levels left

rFire   . . .      SeeInvis +   a - +0 shortbow
rCold   . . .      Faith    .   (no shield)
rNeg    . . .      Spirit   .   c - +0 leather armour
rPois   .          Reflect  .   (helmet unavailable)
rElec   .          Harm     .   (no cloak)
rCorr   .          Rampage  .   (no gloves)
Will    .....                   (no boots)
Stlth   ++........              (no amulet)
HPRegen 0.16/turn               (no ring)
MPRegen 0.10/turn               (no ring)

@: mighty
A: permanent stasis, dig shafts and tunnels, antennae 3, four strong arms
a: Dig, Shaft Self


You were on level 4 of the Dungeon.
You visited 1 branch of the dungeon, and saw 5 of its levels.
You also visited: Ossuary.

You collected 174 gold pieces.

Inventory:

Hand Weapons
 a - a +0 shortbow (weapon)
Armour
 c - a +0 leather armour (worn)
Jewellery
 i - a +6 ring of strength
Scrolls
 b - a scroll of immolation
 f - 2 scrolls of blinking
 g - 3 scrolls of teleportation {unknown}
 k - a scroll of silence {unknown}
 m - 3 scrolls of fear {unknown}
 p - a scroll of enchant weapon {unknown}
Potions
 d - a potion of might
 e - 2 potions of cancellation
 q - 2 potions of mutation


   Skills:
 - Level 2.1 Fighting
 + Level 7.9 Ranged Weapons
 - Level 1.7 Dodging
 - Level 1.2 Stealth


You had 6 spell levels left.
You didn't know any spells.
Your spell library contained the following spells:

 Spells                   Type           Power      Damage    Failure   Level
 Sting                    Tmut/Pois      0%         1d3       45%         1
 Ensorcelled Hibernation  Hex/Ice        0%         N/A       58%         2
 Passwall                 Tmut/Erth      0%         N/A       58%         2
 Poisonous Vapours        Pois/Air       0%         N/A       58%         2
 Lesser Beckoning         Tloc           0%         N/A       83%         3
 Animate Dead             Necr           0%         N/A       99%         4
 Olgreb's Toxic Radiance  Pois           0%         N/A       99%         4
 Borgnjor's Vile Clutch   Necr/Erth      0%         N/A       100%        5
 Manifold Assault         Tloc           0%         N/A       100%        5
 Death Channel            Necr           0%         N/A       100%        6
 Blink                    Tloc           Unusable   N/A       N/A         2
 Swiftness                Air            Unusable   N/A       N/A         3

Dungeon Overview and Level Annotations

Branches:
Dungeon (5/15)            Ossuary (visited)
 Temple: D:4-7

Altars:
Cheibriados
Hepliaklqana
Kikubaaqudgha

Shops:
D:3 =


Innate Abilities, Weirdness & Mutations

You cannot be hasted, slowed, berserked, paralysed or teleported.
You can dig through walls and to a lower floor.
You have a pair of large antennae on your head. (SInv)
Your four strong arms can wield two-handed weapons with a shield.


Message History

The hound attacks as you move away! The hound barely misses you.
The hound bites you.
* * * LOW HITPOINT WARNING * * *
The hound attacks as you move away! The hound completely misses you.
There is a stone staircase leading up here.
The hound bites you.
* * * LOW HITPOINT WARNING * * *
The hound bites you.
* * * LOW HITPOINT WARNING * * *
You climb upwards.
There is a stone staircase leading down here.
You feel very mighty all of a sudden. The hound bites you.
* * * LOW HITPOINT WARNING * * *
Fire: a) +0 shortbow
Press: ? - help, Shift-Dir - straight line, f - hound
Aim: a hound (56% to hit)
You shoot an arrow. The arrow hits the hound!
The hound is severely wounded.
The hound completely misses you. The hound bites you but does no damage.
Fire: a) +0 shortbow
Press: ? - help, Shift-Dir - straight line, f/p - hound
Aim: a hound (severely wounded, 56% to hit)
You shoot an arrow. The arrow barely misses the hound.
The hound bites you but does no damage. The hound bites you.
* * * LOW HITPOINT WARNING * * *
Fire: a) +0 shortbow
Press: ? - help, Shift-Dir - straight line, f/p - hound
Aim: a hound (severely wounded, 56% to hit)
You shoot an arrow. The arrow hits the hound.
The hound is almost dead.
The hound bites you but does no damage.
Fire: a) +0 shortbow
Press: ? - help, Shift-Dir - straight line, f/p - hound
Aim: a hound (almost dead, 56% to hit)
You shoot an arrow.
The arrow hits the hound but does no damage.
The hound is almost dead.
The hound closely misses you. The hound bites you.
You die...

#
###..##.....###...#.#
# ##.##...#....<.##.#
# #...##.###...#####
# ###...## #.#.#####
# ###..# #.#.....# #
##.###.#.###.# #
#.##..#.# #.# #
#....##.###.#
##@h........#
############


You could see a hound.

Vanquished Creatures
  A scorpion (D:5)
  2 hounds (D:4)
  An iguana (D:4)
  2 orc wizards (D:3)
  A mummy (D:5)
  5 adders
  3 worms
  6 dart slugs
  19 orcs
  7 ball pythons
  8 bats
  6 endoplasms
  3 giant cockroaches (D:3)
  10 hobgoblins
  3 quokkas
  A frilled lizard (D:1)
  A gnoll zombie (Ossuary)
  3 goblins
  7 kobolds
  9 rats
98 creatures vanquished.

Notes
Turn   | Place    | Note
-------+----------+-------------------------------------------
     0 | D:1      | funnyparkerb the Formicid Hunter began the quest for the
                  | Orb.
     0 | D:1      | Reached XP level 1. HP: 16/16 MP: 1/1
    37 | D:1      | Reached XP level 2. HP: 22/22 MP: 2/2
   237 | D:1      | Reached XP level 3. HP: 27/27 MP: 3/3
   522 | D:1      | Reached skill level 5 in Ranged Weapons
  1202 | D:2      | Reached XP level 4. HP: 29/33 MP: 4/4
  1846 | D:3      | Found a faded altar of an unknown god.
  2034 | D:3      | Found Ekiut's Jewellery Shop.
  2080 | D:3      | Reached skill level 6 in Ranged Weapons
  2080 | D:3      | Reached XP level 5. HP: 38/38 MP: 5/5
  2243 | D:3      | Found a hazy altar of Hepliaklqana.
  2418 | D:3      | Found an ancient bone altar of Kikubaaqudgha.
  2956 | D:4      | Reached XP level 6. HP: 24/44 MP: 6/6
  3137 | D:4      | Reached skill level 7 in Ranged Weapons
  3561 | D:4      | Found a snail-covered altar of Cheibriados.
  4036 | D:5      | Entered Level 5 of the Dungeon
  4041 | D:5      | Found a sand-covered staircase.
  4200 | Ossuary  | Entered an ossuary
  4228 | Ossuary  | HP: 1/44 [poisoned by a scorpion]
  4244 | D:5      | HP: 2/44 [scorpion (3)]
  4249 | D:5      | Reached XP level 7. HP: 3/50 MP: 7/7
  4567 | D:4      | HP: 2/50 [hound (3)]
  4571 | D:4      | Slain by a hound

Illustrated notes

Levels and vault maps discovered:
D:1:      dpeg_arrival_leaves_temple_mockup, layout_loops_ring,
          minmay_shallow_snake_nest
D:2:      layout_basic
D:3:      layout_loops_ring, marbit_many_paths, mainiacjoe_overflow_24_doors,
          serial_shops, nicolae_shop_advertising_works
          [nicolae_subvault_shop_adworks], ebering_ecumenical_altar_mist,
          grunt_decor_one_mirror, minmay_fractal_squares_gapless_5
D:4:      layout_basic, cheibrodos_worm_habitat
D:5:      layout_cave_pools, dk_yredelemnul_ordeal,
          ebering_ghost_reflecting_pool, gup_ossuary_entry_pyramid,
          due_unseen_surprise, uniq_ijyb

Skill      XL: |  1  2  3  4  5  6 |
---------------+-------------------+-----
Ranged Weapons | 5 6 7 |  7.9
Fighting       | |  2.1
Dodging        | |  1.7
Stealth        | |  1.2

Action                   |  1- 3 |  4- 6 |  7- 9 || total
-------------------------+-------+-------+-------++-------
 Fire: Shortbow          |    76 |   221 |    10 ||   307
Throw: Throwing net      |       |     1 |       ||     1
 Abil: Dig               |     2 |     2 |       ||     4
  Use: Potion            |       |     6 |     1 ||     7
       Scroll            |       |     5 |       ||     5
Armor: Leather armour    |    11 |    27 |     3 ||    41
Dodge: Dodged            |    17 |    91 |    11 ||   119
